AoeStats
← mryendl2410

Arena

510301734Analyzed
4v4 RM · 12h ago on Sep 30, 2026· 31m 4s· 8 players
Game mode
Random Map
Map size
Large (8 player)
Population
200
Speed
Normal
Resources
Standard
Victory
Conquest
Starting age
Dark Age
Ending age
Imperial Age
RankedLock teamsTeams togetherTeam positionsShared explorationLock speedFull tech treeHidden civsTurbo modeCheats
Victory
Defeat
1331
+15
🇨🇳 Goths · China
1297
+17
🇨🇳 Khmer · China
1293
+17
🇨🇳 Danes · China
1289
+17
🇻🇳 Lithuanians · Vietnam
1351
-18
🇻🇳 Italians · Vietnam
1326
-17
🇮🇳 Teutons · India
1293
-16
🇨🇳 Goths · China
1279
-15
只爆叉叉
11:52 Feudal Age
12:56 Double-Bit Axe
13:03 Gold Mining
12:55 Horse Collar
16:01 Castle Age
15:30 Scale Mail Armor
17:42 Chain Mail Armor
26:10 Wheelbarrow
29:27 Hand Cart
28:58 Loom
30:55 Arson
随机便投
10:28 Feudal Age
15:04 Castle Age
13:15 Double-Bit Axe
13:31 Horse Collar
14:37 Gold Mining
14:48 Loom
24:27 Loom
28:11 Heavy Plow
28:24 Bow Saw
30:27 Stone Mining
31:12 Gold Shaft Mining
SkullBump
11:10 Feudal Age
15:10 Castle Age
13:52 Double-Bit Axe
14:03 Horse Collar
22:41 Bow Saw
22:34 Heavy Plow
24:32 Loom
25:22 Wheelbarrow
27:09 Stone Mining
27:10 Gold Mining
30:06 Imperial Age
28:33 Stone Shaft Mining
28:23 Hand Cart
28:30 Forging
28:20 Scale Mail Armor
29:03 Scale Mail Armor
29:10 Squires
29:50 Iron Casting
28:36 Pikeman
29:31 Anarchy
30:20 Chain Mail Armor
31:19 Conscription
30:59 Perfusion
Ejatch Lemayahu Gewodros
7:42 Loom
9:56 Feudal Age
18:05 Castle Age
BLADE
6:30 Loom
9:04 Feudal Age
10:35 Fletching
10:34 Double-Bit Axe
11:47 Loom
15:18 Horse Collar
22:23 Castle Age
23:20 Bow Saw
23:12 Heavy Plow
24:17 Wheelbarrow
piecardinap
12:25 Feudal Age
14:04 Horse Collar
14:10 Double-Bit Axe
16:31 Castle Age
14:58 Gold Mining
19:28 Scale Barding Armor
23:01 Wheelbarrow
23:06 Bow Saw
22:58 Heavy Plow
22:50 Stone Mining
26:20 Chain Barding Armor
29:54 Imperial Age
28:22 Bloodlines
28:54 Husbandry
29:01 Loom
29:55 Cavalier
31:12 Plate Barding Armor
30:48 Forging
会做梦的懒猪
10:46 Feudal Age
14:37 Castle Age
12:52 Double-Bit Axe
13:22 Horse Collar
14:59 Wheelbarrow
14:12 Loom
15:57 Bow Saw
20:36 Heavy Plow
25:12 Hand Cart
29:21 Imperial Age
27:13 Hand Cart
27:25 Forging
27:16 Scale Mail Armor
27:09 Gold Mining
27:09 Stone Mining
27:56 Pikeman
28:37 Squires
mryendl2410
5:06 Loom
11:56 Feudal Age
14:19 Double-Bit Axe
16:50 Castle Age
14:47 Horse Collar
15:17 Gold Mining
24:49 Imperial Age
24:01 Bow Saw
24:26 Fletching
26:51 Bodkin Arrow
28:29 Bracer
28:57 Padded Archer Armor
Connection lost

Rejoining the realm…

Still unreachable

The connection could not be restored.

Session expired

The server has moved on; the page needs a fresh start.